 Dungeon Sprint DCSS version bcrawl-1.21 (webtiles) character file.

Game seed: 10489487505241536271

9405 Freyura the Fighter (level 11, -1/100 HPs)
             Began as a Demonspawn Gladiator on Feb 9, 2020.
             Was a Believer of Ru.
             Slain by a death yak (17 damage)
             ... in the Dungeon (Sprint IX: "|||||||||||||||||||||||||||||").
             The game lasted 00:05:58 (1689 turns).

Freyura the Fighter (Demonspawn Gladiator)          Turns: 1689, Time: 00:05:59

Health: -1/100     AC: 23    Str: 14    XL:     11   Next: 22%
Magic:  0/16       EV: 14    Int: 10    God:    Ru [**....]
Gold:   0          SH:  0    Dex: 18    Spells: 10/10 levels left

rFire    . . .     SeeInvis .   o - +4 dire flail (protect)
rCold    . . .     Gourm    .   (shield currently unavailable)
rNeg     . . .     Faith    .   r - +2 ring mail
rPois    .         Spirit   +   (helmet restricted)
rElec    .         Reflect  .   q - +0 cloak
rCorr    .         Harm     .   p - +0 pair of gloves
MR       .....     NoTele   +   (no boots)
Stlth    ..........             (no amulet)
HPRegen  0.26/turn              s - +2 ring of evasion
MPRegen  0.15/turn              t - +2 ring of evasion

@: protection aura
A: horns 2, icy blue scales 2, magic shield, no stealth, inability to train
dodging
a: Renounce Religion


You were in the Dungeon.
You worshipped Ru.
Ru was pleased with you.
You were not hungry.

You visited 1 branch

Inventory:

Hand Weapons
 o - a +4 dire flail of protection (weapon)
Missiles
 d - 3 throwing nets (quivered) {!f}
Armour
 c - a +0 helmet
 p - a +0 pair of gloves (worn)
 q - a +0 cloak (worn)
 r - a +2 ring mail (worn)
Jewellery
 s - a +2 ring of evasion (left hand)
 t - a +2 ring of evasion (right hand)
Wands
 j - a wand of polymorph (14)
 n - a wand of acid (10)
Scrolls
 k - 3 scrolls of blinking
 l - 3 scrolls of remove curse
 m - 2 scrolls of amnesia
 u - a scroll of identify
 v - a scroll of fog
 x - a scroll of fear
Potions
 a - a potion of might
 b - a potion of resistance
 f - 6 potions of curing
 g - 3 potions of heal wounds
 h - a potion of haste
 i - 2 potions of magic
Comestibles
 e - a ration {!d}


   Skills:
 + Level 14.2 Fighting
 + Level 13.3 Maces & Flails
 - Level 1.7 Throwing
 + Level 13.0 Armour
   Level 0.0 Dodging
 + Level 7.1 Evocations


You had 10 spell levels left.
You didn't know any spells.
Your spell library was empty.

Dungeon Overview and Level Annotations

Branches:
Dungeon (1/1)

Altars:
Cheibriados
Dithmenos
Elyvilon
Fedhas
Gozag
Hepliaklqana
Kikubaaqudgha
Lugonu
Makhleb
Nemelex Xobeh
Okawaru
Qazlal
Ru
Sif Muna
Trog
Uskayaw
Vehumet
Wu Jian
Xom
Yredelemnul
Zin
The Shining One
Beogh
Jiyva


Innate Abilities, Weirdness & Mutations

You have a pair of horns on your head.
You are mostly covered in icy blue scales. (AC +3)
When hurt, damage is shared between your health and your magic reserves.
You cannot be stealthy.
You cannot train Dodging skill.


Message History

You hit the yak. You headbutt the yak!
You kill the yak!
You puncture the death yak! You headbutt the death yak!
The death yak is moderately wounded.
You hit the death yak. You headbutt the death yak.
The death yak is moderately wounded.
The death yak gores you!
* * * LOW HITPOINT WARNING * * *
You impale the death yak!!
The death yak is severely wounded.
The death yak barely misses you.
You hit the death yak but do no damage. You headbutt the death yak!
The death yak is severely wounded.
You puncture the death yak! Your headbutt misses the death yak.
The death yak is almost dead.
The death yak gores you but does no damage.
You sock the death yak!
The death yak is almost dead.
The death yak gores you!!
You die...

▓.▓.▓
▓.▓.▓.▓
▓.▓.▓.▓
▓.▓.▓)▓
▓.▓.▓|▓
▓Y▓.▓.▓
▓Y▓.▓.▓
▓Y▓.▓'▓
▓@▓.▓_▓
▓.▓.▓_▓
▓.▓.▓_▓
▓.▓.▓_▓
▓.▓.▓_▓
▓.▓.▓_▓
▓.▓.▓_▓
▓.▓.▓_▓
▓†▓.▓_▓


You could see a death yak and 2 yaks.

Vanquished Creatures
  2 hydras (D)
  5 death yaks (D)
  A tengu warrior (D)
  A skeletal warrior (D)
  An ugly thing (D)
  4 cane toads (D)
  2 kobold demonologists (D)
  A troll (D)
  2 yaks (D)
  A hungry ghost (D)
  An acid dragon (D)
  3 crocodiles (D)
  3 water moccasins (D)
  A porcupine (D)
  A sky beast (D)
  A wolf (D)
  A big kobold (D)
  2 bullfrogs (D)
  A crimson imp (D)
  A hound (D)
  An adder (D)
  A shadow imp (D)
  A leopard gecko (D)
  An orc (D)
  A bat (D)
  A giant cockroach (D)
  A kobold (D)
  A ball python (D)
  A jackal skeleton (D)
  A jackal zombie (D)
45 creatures vanquished.

Notes
Turn   | Place    | Note
-------+----------+-------------------------------------------
     0 | D        | Freyura the Demonspawn Gladiator began the quest for the
                  | Orb.
     0 | D        | Reached XP level 1. HP: 16/16 MP: 1/1
    12 | D        | Reached skill level 1 in Armour
   338 | D        | Noticed a crimson imp
   338 | D        | Noticed a hound
   355 | D        | Killed a hound
   355 | D        | Reached skill level 3 in Fighting
   355 | D        | Gained mutation: You are partially covered in icy blue
                  | scales. (AC +2) [demonic ancestry]
   355 | D        | Reached XP level 2. HP: 9/25 MP: 2/2
   355 | D        | Reached XP level 3. HP: 11/30 MP: 3/3
   372 | D        | Reached skill level 4 in Fighting
   384 | D        | Reached XP level 4. HP: 5/38 MP: 4/4
   390 | D        | Found a roughly hewn altar of Beogh.
   390 | D        | Found a snail-covered altar of Cheibriados.
   390 | D        | Found a shadowy altar of Dithmenos.
   390 | D        | Found a white marble altar of Elyvilon.
   390 | D        | Found a blossoming altar of Fedhas.
   390 | D        | Found an opulent altar of Gozag.
   391 | D        | Found a hazy altar of Hepliaklqana.
   392 | D        | Found a viscous altar of Jiyva.
   393 | D        | Found an ancient bone altar of Kikubaaqudgha.
   394 | D        | Found a corrupted altar of Lugonu.
   395 | D        | Found a burning altar of Makhleb.
   396 | D        | Found a sparkling altar of Nemelex Xobeh.
   397 | D        | Found an iron altar of Okawaru.
   398 | D        | Found a stormy altar of Qazlal.
   399 | D        | Found a sacrificial altar of Ru.
   400 | D        | Found a shimmering blue altar of Sif Muna.
   401 | D        | Found a bloodstained altar of Trog.
   402 | D        | Found a hide-covered altar of Uskayaw.
   403 | D        | Found a radiant altar of Vehumet.
   404 | D        | Found an ornate altar of the Wu Jian Council.
   405 | D        | Found a shimmering altar of Xom.
   406 | D        | Found a basalt altar of Yredelemnul.
   407 | D        | Found a glowing silver altar of Zin.
   408 | D        | Found a glowing golden altar of the Shining One.
   423 | D        | Became a worshipper of Ru the Awakened
   647 | D        | Noticed a troll
   647 | D        | Noticed a sky beast
   647 | D        | Noticed an acid dragon
   647 | D        | Noticed a kobold demonologist
   647 | D        | Noticed a brown ugly thing
   651 | D        | Killed a kobold demonologist
   651 | D        | Reached skill level 6 in Fighting
   651 | D        | Reached skill level 5 in Armour
   651 | D        | Gained mutation: You have a pair of small horns on your
                  | head. [demonic ancestry]
   651 | D        | Reached XP level 5. HP: 46/47 MP: 5/5
   651 | D        | Gained mutation: You are mostly covered in icy blue scales.
                  | (AC +3) [demonic ancestry]
   651 | D        | Reached XP level 6. HP: 52/53 MP: 6/6
   661 | D        | Killed a brown ugly thing
   661 | D        | Reached skill level 8 in Fighting
   661 | D        | Reached XP level 7. HP: 63/63 MP: 7/7
   672 | D        | Killed a troll
   672 | D        | Reached skill level 9 in Fighting
   672 | D        | Reached XP level 8. HP: 71/71 MP: 8/8
   680 | D        | Noticed a tengu warrior
   680 | D        | Noticed a skeletal warrior
   680 | D        | Noticed a kobold demonologist
   684 | D        | Noticed an orange demon
   684 | D        | Killed a kobold demonologist
   720 | D        | Killed a skeletal warrior
   720 | D        | Reached skill level 10 in Fighting
   731 | D        | Gained mutation: You have a pair of horns on your head.
                  | [demonic ancestry]
   731 | D        | Reached XP level 9. HP: 41/79 MP: 9/9
   740 | D        | Gained mutation: You cannot train Dodging skill. [Ru
                  | sacrifice]
   740 | D        | Reached * piety under Ru
   759 | D        | Killed a tengu warrior
   759 | D        | Reached skill level 11 in Fighting
   759 | D        | Reached skill level 10 in Maces & Flails
   759 | D        | Reached skill level 10 in Armour
  1145 | D        | Noticed a cane toad
  1145 | D        | Noticed an eight-headed hydra
  1145 | D        | Noticed a cane toad
  1152 | D        | Killed an eight-headed hydra
  1154 | D        | Killed a cane toad
  1154 | D        | Reached skill level 12 in Fighting
  1158 | D        | Gained mutation: When hurt, damage is shared between your
                  | health and your magic reserves. [demonic ancestry]
  1158 | D        | Reached XP level 10. HP: 59/89 MP: 10/10
  1160 | D        | Killed a cane toad
  1170 | D        | Gained mutation: You cannot be stealthy. [Ru sacrifice]
  1170 | D        | Reached ** piety under Ru
  1377 | D        | Noticed a death yak
  1377 | D        | Noticed a five-headed hydra
  1377 | D        | Noticed a cane toad
  1382 | D        | Reached skill level 1 in Evocations
  1383 | D        | Noticed a cane toad
  1391 | D        | Killed a five-headed hydra
  1391 | D        | Reached skill level 13 in Fighting
  1405 | D        | Killed a death yak
  1410 | D        | Killed a cane toad
  1430 | D        | Killed a cane toad
  1434 | D        | Reached skill level 5 in Evocations
  1635 | D        | Noticed a death yak
  1635 | D        | Noticed a death yak
  1635 | D        | Noticed a death yak
  1635 | D        | Noticed a death yak
  1639 | D        | Noticed a death yak
  1650 | D        | Killed a death yak
  1662 | D        | Killed a death yak
  1662 | D        | Reached XP level 11. HP: 52/99 MP: 15/15
  1675 | D        | Killed a death yak
  1675 | D        | Reached skill level 14 in Fighting
  1681 | D        | Killed a death yak
  1689 | D        | Slain by a death yak

Skill      XL: |  1  2  3  4  5  6  7  8  9 10 11 |
---------------+----------------------------------+-----
Maces & Flails | 4 6 8 9 11 13 | 13.3
Armour         | 2 3 5 7 8 9 11 12 13 | 13.0
Dodging        | 4 6 8 9 0 |  0.0
Fighting       | 3 4 6 8 9 10 12 13 14 | 14.2
Evocations     | 6 7 |  7.1
Throwing       | |  1.7

Action                   |  1- 3 |  4- 6 |  7- 9 | 10-12 || total
-------------------------+-------+-------+-------+-------++-------
Melee: Flail             |    61 |       |       |       ||    61
       Dire flail        |       |    13 |   107 |   128 ||   248
       Headbutt          |       |     2 |    20 |    34 ||    56
Invok: Sacrifice Nimblen |       |       |     1 |       ||     1
       Sacrifice Stealth |       |       |       |     1 ||     1
  Use: Potion            |     1 |     1 |     2 |     4 ||     8
       Scroll            |       |       |     2 |       ||     2
 Stab: Invisible         |       |     3 |     8 |       ||    11
  Eat: Chunk             |       |       |     3 |     2 ||     5
Armor: Leather armour    |    19 |       |       |       ||    19
       Ring mail         |       |     1 |    40 |    34 ||    75
Dodge: Dodged            |    51 |     6 |    59 |    49 ||   165
